Map: King's Cove LE

Players

Razer

  • Race: Terran Terran
  • League: Gold
  • Spawn Location: 5:00

Smeeeger - Winner!

  • Race: Protoss Protoss
  • League: Platinum
  • Spawn Location: 11:00

VOD

Have the link to the VOD?

Description

Time

  • Played on: July 25, 2019, 8:12 a.m.
  • Length: 12:20
Show
View Real Time Build Order
Export as new Build Order

Razer Terran 

Build Orders: 2 Factory 

Get SALT Encoding   

  12  0:01  SCV  
  13  0:13  SCV  
  14  0:19  Supply Depot  
  14  0:25  SCV  
  15  0:40  SCV  
  15  0:42  Barracks  
  16  0:47  Refinery  
  16  0:53  SCV  
  17  1:05  SCV  
  18  1:17  SCV  
  19  1:29  Supply Depot, SCV  
  20  1:33  Reaper  
  21  1:42  Refinery  
  21  1:44  Orbital Command  
  21  2:08  Factory  
  21  2:18  SCV  
  22  2:27  Barracks Reactor  
  22  2:30  SCV  
  23  2:43  Command Center  
  23  3:07  Factory Tech Lab  
  23  3:11  Factory  
  23  3:13  Marine x2  
  23  3:19  SCV  
  26  3:21  Starport  
  26  3:28  Siege Tank  
  26  3:31  Marine, SCV  
  31  3:37  Marine  
  31  3:39  Supply Depot  
  32  3:42  Supply Depot  
  32  3:43  SCV  
  33  4:02  Factory Tech Lab  
  32  4:07  Liberator  
  32  4:08  Orbital Command  
  32  4:14  Bunker  
  32  4:17  SCV  
  33  4:29  SCV  
  37  4:32  Engineering Bay  
  37  4:41  SCV x2  
  39  4:50  Liberator  
  39  4:53  Supply Depot, SCV x2  
  41  5:05  SCV  
  41  5:06  SCV  
  43  5:08  Cyclone  
  49  5:18  SCV x2  
  51  5:21  Missile Turret  
  51  5:23  Missile Turret  
  51  5:30  SCV x2  
  53  5:42  SCV x2  
  55  5:53  Starport Tech Lab  
  55  5:54  SCV  
  56  6:01  Supply Depot  
  56  6:03  Siege Tank x2  
  62  6:13  SCV  
  62  6:15  Refinery  
  62  6:16  Refinery  
  63  6:21  Missile Turret  
  63  6:23  Command Center  
  63  6:24  Supply Depot  
  64  6:25  SCV  
  61  6:37  SCV  
  62  6:43  Missile Turret  
  62  6:47  Supply Depot, Siege Tank x2  
  68  7:11  Banshee  
  71  7:17  Command Center  
  71  7:36  Missile Turret  
  67  7:43  Cyclone x2  
  70  7:48  SCV  
  66  7:55  Missile Turret  
  64  8:00  SCV  
  63  8:10  Banshee  
  63  8:12  SCV  
  61  8:24  SCV  
  59  8:36  SCV, Fusion Core  
  60  8:53  Banshee  
  63  9:02  Command Center, Siege Tank x2  
  69  9:04  SCV  
  69  9:07  Planetary Fortress  
  70  9:16  SCV  
  71  9:28  SCV  
  72  9:38  Cloaking Field  
  72  9:40  Hi-Sec Auto Tracking  
  72  9:41  SCV  
  73  9:53  SCV  
  74  10:07  SCV x2  
  75  10:09  SCV  
  75  10:13  Weapon Refit  
  77  10:17  Starport  
  77  10:18  Siege Tank  
  77  10:19  SCV x2  
  77  10:20  Orbital Command  
  77  10:21  Refinery, SCV  
  83  10:31  SCV x2  
  83  10:34  SCV  
  86  10:41  Marine x2  
  88  10:43  Bunker, SCV x2  
  88  10:46  SCV  
  91  10:50  Missile Turret  
  91  10:55  SCV x2  
  93  10:58  Refinery, Missile Turret, SCV  
  93  10:59  Marine x2  
  93  11:00  Refinery  
  96  11:08  SCV  
  96  11:10  SCV  
  98  11:12  Missile Turret  
  98  11:22  SCV  
  99  11:26  Starport Tech Lab  
  99  11:30  Starport  
  99  11:34  SCV  
  99  11:36  Supply Depot  
  77  12:06  Supply Depot  
Show
View Real Time Build Order
Export as new Build Order

Smeeeger Protoss - Winner!

Build Orders: 1 Gate Expand, Chargelot Immortal 

Get SALT Encoding   

  12  0:01  Probe  
  13  0:13  Probe  
  14  0:20  Pylon  
  14  0:25  Probe  
  15  0:38  Probe  
  15  0:40  Gateway  
  16  0:47  Probe  
  16  0:51  Assimilator  
  16  0:55  Probe  
  18  1:04  Probe  
  19  1:16  Probe  
  20  1:30  Nexus  
  20  1:40  Probe  
  21  1:49  Cybernetics Core  
  21  1:58  Pylon  
  21  1:59  Probe  
  22  2:08  Warp Gate  
  21  2:19  Probe  
  21  2:20  Adept  
  22  2:22  Gateway  
  22  2:24  Gateway  
  24  2:36  Probe  
  24  3:12  Adept  
  26  3:13  Adept  
  26  3:15  Adept  
  26  3:19  Probe  
  30  3:22  Assimilator  
  30  3:23  Probe  
  32  3:27  Probe  
  33  3:35  Probe  
  33  3:37  Robotics Facility  
  34  3:43  Pylon  
  33  3:59  Probe  
  33  4:02  Probe  
  34  4:07  Probe  
  34  4:14  Probe  
  36  4:18  Forge  
  36  4:23  Twilight Council  
  36  4:25  Observer  
  37  4:35  Zealot  
  37  4:36  Zealot  
  37  4:37  Zealot  
  43  4:40  Pylon  
  43  4:46  Warp Prism  
  43  4:51  Probe x2  
  43  4:59  Probe x2  
  45  5:05  Protoss Ground Weapons Level 1  
  45  5:06  Charge  
  47  5:08  Probe x2  
  49  5:21  Probe x2  
  51  5:24  Assimilator  
  51  5:26  Assimilator  
  51  5:33  Probe  
  51  5:35  Nexus  
  52  5:38  Immortal  
  52  5:41  Probe  
  57  5:45  Probe  
  58  5:57  Stalker x2  
  58  6:03  Pylon  
  62  6:06  Pylon  
  62  6:21  Immortal  
  62  6:24  Pylon  
  61  6:35  Probe x2  
  59  6:47  Probe x2  
  57  6:59  Probe  
  57  7:01  Zealot x3  
  64  7:09  Probe x2  
  64  7:10  Gateway  
  64  7:11  Gateway, Probe  
  64  7:14  Gateway  
  67  7:21  Probe  
  68  7:23  Adept x2  
  64  7:55  Immortal  
  64  7:57  Probe x2  
  64  7:58  Probe  
  68  8:00  Robotics Facility  
  68  8:05  Probe x2  
  71  8:06  Probe  
  71  8:11  Zealot x3  
  71  8:12  Zealot x3  
  86  8:13  Probe x2  
  86  8:14  Probe  
  82  8:25  Probe x3  
  83  8:29  Pylon  
  83  8:31  Pylon  
  83  8:37  Probe x3  
  84  8:42  Stalker  
  84  8:43  Stalker  
  87  8:48  Probe  
  87  8:52  Probe x2  
  90  8:56  Probe  
  90  8:57  Pylon  
  90  9:01  Photon Cannon  
  91  9:06  Probe  
  91  9:07  Probe x2  
  94  9:19  Probe x3  
  97  9:28  Probe x2  
  97  9:29  Probe  
  99  9:31  Zealot  
  99  9:32  Zealot x5  
  99  9:36  Probe  
  99  9:38  Protoss Ground Armor Level 1  
  112  9:39  Pylon  
  112  9:44  Photon Cannon  
  113  9:47  Photon Cannon  
  113  9:55  Immortal  
  116  10:03  Shield Battery  
  116  10:08  Stalker x2  
  116  10:09  Stalker  
  116  10:13  Shield Battery  
  122  10:18  Photon Cannon  
  122  10:27  Probe x2  
  122  10:28  Probe  
  125  10:30  Pylon  
  125  10:32  Pylon  
  125  10:34  Sentry, Pylon  
  125  10:35  Sentry x3  
  133  10:48  Observer  
  134  10:50  Assimilator  
  134  10:54  Assimilator  
  134  10:58  Pylon  
  134  11:02  Pylon  
  134  11:05  Pylon  
  130  11:23  Stalker  
  130  11:24  Stalker x4  
  130  11:25  Stalker  
  142  11:28  Nexus  
  142  11:34  Photon Cannon  
  140  11:50  Zealot  
  140  11:51  Zealot x3  
Tags
 
Add a new tag
Caveats
  • Supply blocks, unpowered buildings, or Contaminate may cause inaccurate times.
  • Supply counts are checked every 10 seconds.